 Dungeon Crawl Stone Soup version 0.32-a0-314-g526f7d4993 (webtiles) character file.

Game seed: 16422401685297003371

660 Xavori the Cudgeller (level 7, -16/61 HPs)
             Began as a Mountain Dwarf Chaos Knight on Feb 16, 2024.
             Was a Plaything of Xom.
             Demolished by an ogre
             ... wielding a +0 giant club
              (29 damage)
             ... on level 5 of the Dungeon.
             The game lasted 00:03:34 (9934 turns).

Xavori the Cudgeller (Mountain Dwarf Chaos Knight)  Turns: 9934, Time: 00:03:35

Health: -16/61     AC:  5    Str: 17    XL:     7   Next: 30%
Magic:  7/7        EV: 11    Int: 12    God:    Xom [...*..]
Gold:   83         SH:  3    Dex:  9    Spells: 6/6 levels left

rFire   + + .        a - +0 mace (chaos)
rCold   + . .        n - +0 buckler
rNeg    . . .        b - +2 leather armour
rPois   +            (no helmet)
rElec   .            f - scarf {rC+ rF+}
rCorr   .            (no gloves)
SInv    .            (no boots)
Will    .....        (no amulet)
Stlth   +            o - ring of protection from fire
HPRegen 0.30/turn    (no ring)
MPRegen 0.10/turn

%: no passive effects
@: no status effects
A: runic magic, artefact enchanting, passive freeze, poison resistance, sturdy
frame 1
a: Renounce Religion


You were on level 5 of the Dungeon.
You worshipped Xom.
You were a favourite toy of Xom.
You visited 1 branch of the dungeon, and saw 5 of its levels.

You collected 102 gold pieces.
You spent 19 gold pieces at shops.

Inventory:

Hand Weapons
 a - a +0 mace of chaos (weapon)
Armour
 b - a +2 leather armour (worn)
 f - a scarf of resistance (worn)
 n - a +0 buckler (worn)
Jewellery
 o - a ring of protection from fire (left hand)
Wands
 i - a wand of quicksilver (6)
Scrolls
 c - a scroll of butterflies
 d - 2 scrolls of fear {unknown}
 g - a scroll of enchant weapon {unknown}
 h - a scroll of enchant armour {unknown}
 j - a scroll of immolation {unknown}
 k - a scroll of identify {unknown}
 l - a scroll of revelation {unknown}
Potions
 e - 2 potions of brilliance {unknown}
 m - a potion of heal wounds {unknown}
 p - a potion of attraction


   Skills:
 + Level 5.2 Fighting
 + Level 5.7 Maces & Flails
 + Level 4.5 Armour
 + Level 2.8 Dodging
 + Level 2.8 Evocations


You had 6 spell levels left.
You didn't know any spells.
Your spell library contained the following spells:

 Spells                   Type           Power      Damage    Failure   Level
 Sting                    Conj/Alch      0%         1d3       41%         1
 Lesser Beckoning         Tloc           0%         N/A       54%         2
 Mercury Vapours          Alch/Air       0%         N/A       54%         2
 Gell's Gravitas          Tloc           0%         N/A       78%         3
 Teleport Other           Tloc           0%         N/A       78%         3
 Volatile Blastmotes      Fire/Tloc      0%         2d10      78%         3
 Fulminant Prism          Conj/Alch      0%         3d5       99%         4
 Iskenderun's Mystic Bla  Conj/Tloc      0%         2d3       99%         4
 Olgreb's Toxic Radiance  Alch           0%         N/A       99%         4
 Haunt                    Necr/Summ      0%         N/A       100%        7
 Borgnjor's Revivificati  Necr           0%         N/A       100%        8
 Death's Door             Necr           0%         N/A       100%        9


Dungeon Overview and Level Annotations

Branches:
Dungeon (5/15)
 Temple: D:4-7

Altars:
Ashenzari
Cheibriados

Shops:
D:2 *


Innate Abilities, Weirdness & Mutations

Your spellcasting is much less encumbered by armour.
You can use scrolls of enchantment on lesser artefacts.
A frigid envelope surrounds you and freezes all who hurt you.
Your system is resistant to poisons. (rPois)
Your movements are slightly less encumbered by armour. (ER -2)


Message History

The scorpion barely misses you.
You barely miss the scorpion.
The scorpion is almost dead.
The orc barely misses you. x2; The orc priest barely misses you.
The scorpion stings you but does no damage.
The scorpion is very cold.
You kill the scorpion!
Unknown command.
You sock the orc priest!
You kill the orc priest!
You block the orc's attack. The orc hits you with a +0 hand axe.
The orc is very cold.
The orc is almost dead.
Unknown command.
You closely miss the orc.
The orc is almost dead.
The orc hits you with a +1 flail of protection.
The orc hits you with a +0 hand axe.
The orc is very cold.
You kill the orc!
Unknown command.
You hit the orc. You burn the orc.
You kill the orc!
Unknown command.
No target in view!
No target in view!
An ogre comes into view. It is wielding a +0 giant club.
The ogre shouts!
You hit the ogre but do no damage.
The acid corrodes the ogre!
The ogre closely misses you.
You hit the ogre but do no damage. You hit the ogre.
The ogre seems to speed up.
The ogre is moderately wounded.
The ogre hits you with a +0 giant club!!
* * * LOW HITPOINT WARNING * * *
A shower of butterflies erupts from you!
The ogre is very cold.
The ogre is moderately wounded.
The ogre hits you with a +0 giant club!!
You die...
Xom titters!

....... .......
../.... .......
....... .......##
#####..
.......)####.......
......)...@O.###
......).##.....#
.........b.b.......
...................
......)..........##
#................#
.......?.........#
.>................
...............


You could see an ogre (fast, corroded, ally target).

Vanquished Creatures
  A black bear (D:4)
  A phantom (D:4)
  A scorpion (D:5)
  A bombardier beetle (D:4)
  2 orc priests
  A hound (D:4)
  An iguana (D:4)
  An orc wizard (D:4)
  2 adders
  4 dart slugs
  A ribbon worm (D:2)
  9 orcs
  8 endoplasms
  A giant cockroach (D:2)
  3 hobgoblins (D:2)
  6 jackals
  4 quokkas
  7 ball pythons
  6 bats
  3 frilled lizards
  7 goblins
  2 kobolds
  7 rats
79 creatures vanquished.

Vanquished Creatures (collateral kills)
  A scorpion (D:4)
  A bombardier beetle (D:4)
2 creatures vanquished.

Grand Total: 81 creatures vanquished

Notes
Turn   | Place    | Note
-------+----------+-------------------------------------------
     0 | D:1      | Xavori the Mountain Dwarf Chaos Knight began the quest for
                  | the Orb.
     0 | D:1      | Reached XP level 1. HP: 19/19 MP: 1/1
    96 | D:1      | Reached skill level 1 in Dodging
    96 | D:1      | Reached XP level 2. HP: 25/26 MP: 2/2
   162 | D:1      | XOM: divination: detect creatures
   201 | D:1      | XOM: cast spell 'Fugue of the Fallen'
   274 | D:1      | Reached XP level 3. HP: 30/33 MP: 3/3
   543 | D:1      | XOM: noise
  1572 | D:1      | XOM: silly message
  1926 | D:1      | XOM is BORED!
  2110 | D:1      | XOM: god gift: 18 gold pieces
  2341 | D:1      | XOM: divination: detect creatures
  4788 | D:1      | XOM: cloud trail
  5077 | D:1      | XOM: summons 2 hostile demons
  5277 | D:2      | XOM: divination: detect creatures
  5634 | D:1      | XOM: silly message
  5667 | D:1      | XOM is BORED!
  6610 | D:1      | XOM: give mutations
  6610 | D:1      | Gained mutation: Your system is resistant to poisons.
                  | (rPois) [Xom's grace]
  6610 | D:1      | Gained mutation: You are agile. (Dex +4, Str/Int -1) [Xom's
                  | grace]
  6610 | D:1      | Gained mutation: You have a pair of small antennae on your
                  | head. [Xom's grace]
  6610 | D:1      | Gained mutation: You are partially covered in iridescent
                  | scales. (AC +2) [Xom's grace]
  6989 | D:2      | Found Kuipseif's Assorted Antiques.
  6996 | D:2      | Reached XP level 4. HP: 39/40 MP: 4/4
  7008 | D:2      | Bought an amethyst potion for 19 gold pieces
  7382 | D:2      | XOM: 1-stop teleportation journey
  7527 | D:2      | XOM: polymorph adder -> rat
  7571 | D:2      | XOM is BORED!
  7711 | D:3      | XOM: stealth player
  7858 | D:3      | XOM: god gift: scarf of resistance
  7867 | D:3      | Found a broken altar of Ashenzari.
  8123 | D:3      | Found a snail-covered altar of Cheibriados.
  8159 | D:3      | XOM: god gift: wand of quicksilver (6)
  8496 | D:3      | XOM: cloud trail
  8605 | D:4      | XOM: summons friendly shadow imp
  8613 | D:4      | Reached XP level 5. HP: 45/46 MP: 5/5
  8627 | D:4      | Reached skill level 1 in Evocations
  8628 | D:4      | XOM: cleaving
  8635 | D:4      | Reached skill level 5 in Maces & Flails
  8636 | D:4      | Noticed a black bear
  8646 | D:4      | XOM: summons 2 friendly demons
  8713 | D:4      | Killed a black bear
  8714 | D:4      | Reached XP level 6. HP: 13/53 MP: 6/6
  9084 | D:3      | XOM: god gift: smoky emerald potion {god gift}
  9152 | D:3      | Lost mutation: You are partially covered in iridescent
                  | scales. (AC +2) [potion of mutation]
  9152 | D:3      | Lost mutation: You are agile. (Dex +4, Str/Int -1) [potion
                  | of mutation]
  9152 | D:3      | Lost mutation: You have a pair of small antennae on your
                  | head. [potion of mutation]
  9152 | D:3      | Gained mutation: Your movements are slightly less
                  | encumbered by armour. (ER -2) [potion of mutation]
  9152 | D:3      | Gained mutation: A frigid envelope surrounds you and
                  | freezes all who hurt you. [potion of mutation]
  9301 | D:4      | XOM: summons friendly white imp
  9393 | D:4      | Reached skill level 5 in Fighting
  9393 | D:4      | Reached XP level 7. HP: 57/61 MP: 7/7
  9912 | D:5      | Entered Level 5 of the Dungeon
  9919 | D:5      | XOM: silly message
  9934 | D:5      | XOM: butterfly on damage
  9934 | D:5      | Demolished by an ogre

Illustrated notes

Levels and vault maps discovered:
D:1:      minmay_arrival_diagonal_passages, layout_rooms, serial_forest,
          infiniplex_forest_lined_3, infiniplex_forest_straight_5,
          infiniplex_forest_straight_3, infiniplex_forest_lined_1,
          infiniplex_forest_zigzag_1, infiniplex_forest_end_2
D:2:      layout_basic, serial_shops, shop
D:3:      layout_loops_ring, mainiacjoe_overflow_tiny_flanked,
          nicolae_overflow_hidden_temple, minivault_14
D:4:      layout_gridville, minivault_4
D:5:      layout_rooms, minmay_temple_entry_mini_moons, dreamdust_wishing_well,
          uniq_prince_ribbit1

Skill      XL: |  1  2  3  4  5  6 |
---------------+-------------------+-----
Dodging        | 1 2 |  2.8
Maces & Flails | 4 5 |  5.7
Armour         | 3 4 |  4.5
Fighting       | 4 5 |  5.2
Evocations     | 1 2 |  2.8

Action                     |  1- 3 |  4- 6 |  7- 9 || total
---------------------------+-------+-------+-------++-------
  Melee: Mace              |    99 |   110 |    23 ||   232
    Use: Potion            |       |     2 |       ||     2
   Stab: Distracted        |       |     2 |       ||     2
 Armour: Leather armour    |    84 |    98 |    18 ||   200
  Dodge: Dodged            |    69 |    56 |    21 ||   146
  Block: Buckler           |       |       |     5 ||     5

Table legend: (Time is in decaauts)
 A = Elapsed time spent in this place.
 B = Non-inter-level travel time spent in this place.
 C = Inter-level travel time spent in this place.
 D = Time resting spent in this place.
 E = Time spent auto-exploring this place.
 F = Levels seen in this place.
 G = Mean time per level.
                   A        B        C        D        E       F      G
               +--------+--------+--------+--------+--------+-----+--------+
         Total |   9980 |   9763 |    217 |   6490 |   2659 |   5 | 1996.0 |
       Dungeon |   9980 |   9763 |    217 |   6490 |   2659 |   5 | 1996.0 |
               +--------+--------+--------+--------+--------+-----+--------+

Top non-repeatable levels by time:
     D:1: 6422 daAuts
     D:3: 1330 daAuts
     D:2: 1314 daAuts
     D:4: 888 daAuts
     D:5: 23 daAuts
